 Dungeon Crawl Stone Soup version 0.16-a0-3458-g6d2551d (webtiles) character file.

12632 NewYearsCrawler the Severer (level 12, 0/84 HPs)
             Began as a Formicid Fighter on Jan 1, 2015.
             Was a High Priest of Okawaru.
             Slain by a centaur skeleton (5 damage)
             ... led by Josephine
             ... on level 12 of the Dungeon.
             The game lasted 00:25:42 (12204 turns).

NewYearsCrawler the Severer (Formicid Fighter)     Turns: 12204, Time: 00:25:42

Health: 0/84       AC: 18    Str: 30    XL:     12   Next: 22%
Magic:  16/16      EV: 11    Int: 10    God:    Okawaru [*****.]
Gold:   778        SH: 12    Dex: 10    Spells: 0 memorised, 11 levels left

rFire  + + +     SeeInvis +     p - +0 broad axe
rCold  + . .     Clarity  .     E - +0 scale mail "Nedeuhim" {rElec rF++ SInv}
rNeg   . . .     SustAb   .     c - +0 shield
rPois  +         Gourm    .     (helmet unavailable)
rElec  +         Spirit   .     J - +2 cloak {+Inv}
rCorr  +         Warding  .     u - +0 pair of gloves
rMut   .         Stasis   +     I - +0 pair of boots
MR     +....                    (no amulet)
Stlth  ..........               C - +4 ring of strength
                                y - +6 ring of protection

@: resistant, somewhat resistant to hostile enchantments, extremely unstealthy
A: permanent stasis, dig shafts and tunnels, four strong arms, antennae 3,
blurry vision 1, clever 1, wild magic 1
a: Dig, Shaft Self, Heroism, Renounce Religion, Evoke Invisibility


You were on level 12 of the Dungeon.
You worshipped Okawaru.
Okawaru was extremely pleased with you.
You were not hungry.

You visited 2 branches of the dungeon, and saw 13 of its levels.

You collected 883 gold pieces.
You spent 105 gold pieces at shops.

Inventory:

Hand weapons
 a - a +1 war axe
 p - a +0 broad axe (weapon)
Missiles
 b - 3 poisoned javelins
 e - 14 tomahawks (quivered)
Armour
 c - a +0 shield (worn)
 u - a +0 pair of gloves (worn)
 E - the +0 scale mail "Nedeuhim" (worn) {rElec rF++ SInv}
   (You found it on level 7 of the Dungeon)

   It greatly protects you from fire.
   It insulates you from electricity.
   It enhances your eyesight.
 I - a +0 pair of boots (worn)
 J - a +2 cloak of invisibility (worn)
Jewellery
 x - an uncursed ring of protection from fire
 y - a +6 ring of protection (left hand)
 C - a +4 ring of strength (right hand)
Magical devices
 n - a wand of fire (13)
 s - a wand of disintegration (7)
 F - a wand of lightning (9)
 G - a wand of random effects (32)
Scrolls
 g - 3 scrolls of fog
 i - 2 scrolls of immolation
 m - a scroll of brand weapon {unknown}
 o - a scroll of magic mapping {unknown}
 t - 3 scrolls of recharging
 v - 7 scrolls of identify
 A - a scroll of amnesia
 D - a scroll of enchant armour {unknown}
 H - a scroll of fear
Potions
 h - 2 potions of flight
 l - 4 potions of curing
 q - a potion of invisibility {unknown}
 w - 2 potions of restore abilities
 z - a potion of heal wounds
 B - a potion of agility
Comestibles
 d - 3 bread rations
 j - 3 beef jerkies
 k - 6 chunks of flesh
 r - 2 meat rations


   Skills:
 - Level 4.5 Fighting
 * Level 15.4 Axes
 - Level 4.8 Armour
 - Level 3.0 Dodging
 - Level 0.3 Stealth
 - Level 10.0 Shields


You had 11 spell levels left.
You didn't know any spells.

Dungeon Overview and Level Annotations

Branches:
Dungeon (12/15)            Temple (1/1) D:5            Lair (0/8) D:10
    Orc (0/4) D:9

Altars:
Ashenzari
Cheibriados
Dithmenos
Elyvilon
Fedhas
Gozag
Kikubaaqudgha
Makhleb
Nemelex Xobeh
Okawaru
Qazlal
Ru
Sif Muna
Vehumet
Xom
Yredelemnul
Zin
The Shining One

Shops:
D:6 }}   D:8 }   D:11 ?


Innate Abilities, Weirdness & Mutations

You are under a permanent stasis effect.
You can dig through walls and to a lower floor.
Your four strong arms can wield two-handed weapons with a shield.
You have a pair of large antennae on your head (SInv).
Scrolls take you a little longer to read.
Your mind is acute. (Int +2)
Your spells are a little harder to cast, but a little more powerful.


Message History

Josephine is severely wounded.
You closely miss Josephine.
Josephine is severely wounded.
Josephine hits you with a dagger of protection.
* * * LOW HITPOINT WARNING * * *
You slash Josephine!
Josephine is almost dead.
Josephine gestures at you while chanting.
The ghostly flame explodes!
The ghostly fireball engulfs you!
* * * LOW HITPOINT WARNING * * *
The ghostly fireball engulfs Josephine.
Josephine partially resists.
You slash Josephine!
You kill Josephine!
Okawaru is honoured by your kill.
You hit the centaur skeleton.
You block the centaur skeleton's attack.
You slash the centaur skeleton!
You block the centaur skeleton's attack.
The centaur skeleton hits you.
You die...

... #...#..... .......
#..## #......... .......#
#...###......... ........#
#...##..###....( .........
.##........##..... .......
..{.......†#..... #....#
##...............
##....######..#...........
#....<##Z@##..##..........
#.....#.####{.@†..##......
{#####.Z##..........##.....
##.....#..............
#..####...####....... #..#
##..# ....!.. #..# #..#
........ #..# ##.. .#..
#..# #...


You could see a centaur zombie and a centaur skeleton.

Vanquished Creatures
  Josephine (D:12)
  The ghost of NewYearsCrawler the Cleaver, an experienced FoFi of Okawaru (D:7)
  2 hill giants
  The ghost of NewYearsCrawler the Chopper, an experienced FoFi of Okawaru (D:4)
  2 trolls
  A deep elf mage (D:11)
  A wraith (D:11)
  A hippogriff (D:11)
  Eustachio (D:5)
  2 wyverns
  12 yaks (D:9)
  A water moccasin (D:7)
  3 hungry ghosts
  2 porcupines
  A yellow wasp (D:11)
  2 sky beasts
  Purgy (D:3)
  6 orc warriors
  3 ice beasts
  3 black bears
  A necrophage (D:6)
  3 centaurs
  A phantom (D:9)
  3 crocodiles
  5 ogres
  2 big kobolds
  7 giant frogs
  Blork the orc (D:4)
  2 scorpions
  12 killer bees (D:9)
  3 goliath beetles
  3 wights (D:10)
  10 crimson imps
  6 electric eels
  2 centaur zombies
  4 hounds
  3 jellies
  2 centaur skeletons
  2 iguanas
  11 orc priests
  10 orc wizards
  A killer bee zombie (D:10)
  10 worker ants
  Ijyb (D:7)
  A hound zombie (D:7)
  A hound skeleton (D:7)
  7 gnolls
  8 river rats
  14 adders
  2 giant mites
  5 shadow imps
  A worm (D:2)
  An iguana zombie (D:5)
  3 adder zombies
  6 giant geckos
  50 orcs
  14 bats
  A bat zombie (D:6)
  17 giant cockroaches
  13 goblins
  16 hobgoblins
  28 kobolds
  6 quokkas
  3 ball pythons (D:3)
  6 giant newts
  14 jackals
  2 orc zombies (D:5)
  3 quokka skeletons
  18 rats
392 creatures vanquished.

Notes
Turn   | Place    | Note
--------------------------------------------------------------
     0 | D:1      | NewYearsCrawler, the Formicid Fighter, began the quest for the Orb.
     0 | D:1      | Reached XP level 1. HP: 18/18 MP: 1/1
    85 | D:1      | Reached XP level 2. HP: 18/24 MP: 3/3
   316 | D:2      | Reached skill level 4 in Shields
   381 | D:2      | Reached XP level 3. HP: 29/29 MP: 4/4
   937 | D:2      | Reached XP level 4. HP: 28/37 MP: 5/5
  1103 | D:3      | Found a shattered altar of Ashenzari.
  1103 | D:3      | Noticed Purgy
  1108 | D:3      | Reached skill level 1 in Dodging
  1128 | D:3      | Killed Purgy
  1128 | D:3      | Reached skill level 5 in Shields
  1128 | D:3      | Reached XP level 5. HP: 30/42 MP: 7/7
  1387 | D:3      | Reached XP level 6. HP: 20/48 MP: 8/8
  2319 | D:4      | Reached XP level 7. HP: 52/55 MP: 9/9
  2357 | D:4      | Noticed NewYearsCrawler's ghost (experienced FoFi)
  2378 | D:4      | Killed NewYearsCrawler's ghost
  2378 | D:4      | Reached skill level 6 in Shields
  2644 | D:4      | Noticed Blork the orc
  2656 | D:4      | Killed Blork the orc
  2656 | D:4      | Reached XP level 8. HP: 52/61 MP: 11/11
  2921 | D:4      | Reached skill level 7 in Shields
  3033 | D:4      | Found a glowing silver altar of Zin.
  3033 | D:4      | Found a glowing golden altar of the Shining One.
  3033 | D:4      | Found a white marble altar of Elyvilon.
  3432 | D:5      | Entered Level 5 of the Dungeon
  3432 | D:5      | Noticed Eustachio
  3452 | D:5      | Killed Eustachio
  3452 | D:5      | Reached skill level 5 in Axes
  3656 | D:5      | Reached skill level 8 in Shields
  4149 | D:5      | Found a staircase to the Ecumenical Temple.
  4234 | Temple   | Entered the Ecumenical Temple
  4265 | Temple   | Became a worshipper of Warmaster Okawaru
  4537 | D:5      | Reached XP level 9. HP: 46/66 MP: 12/12
  5036 | D:6      | Reached skill level 9 in Shields
  5059 | D:6      | Found Cairr's Gadget Boutique.
  5292 | D:6      | Acquired Okawaru's first power
  5385 | D:6      | Found Madywn's Quality Used Wands.
  6033 | D:7      | Reached skill level 10 in Shields
  6150 | D:7      | Noticed NewYearsCrawler's ghost (experienced FoFi)
  6152 | D:7      | Found a shimmering altar of Xom.
  6171 | D:7      | Noticed Ijyb
  6188 | D:7      | Killed Ijyb
  6193 | D:7      | Killed NewYearsCrawler's ghost
  6193 | D:7      | Reached XP level 10. HP: 24/73 MP: 13/13
  6237 | D:7      | Got a heavily runed scale mail
  6238 | D:7      | Identified the +0 scale mail "Nedeuhim" {rElec rF++ SInv} (You found it on level 7 of the Dungeon)
  6596 | D:7      | Reached skill level 10 in Axes
  6603 | D:7      | Found a stormy altar of Qazlal.
  6615 | D:7      | Found a snail-covered altar of Cheibriados.
  6618 | D:7      | Found a sparkling altar of Nemelex Xobeh.
  7273 | D:8      | Found Fukoch's Gadget Shoppe.
  7668 | D:8      | Reached skill level 11 in Axes
  8202 | D:9      | Found a staircase to the Orcish Mines.
  8315 | D:9      | Found a radiant altar of Vehumet.
  8318 | D:9      | Found a deep blue altar of Sif Muna.
  8320 | D:9      | Found an opulent altar of Gozag.
  8428 | D:9      | Reached skill level 12 in Axes
  8700 | D:9      | Reached XP level 11. HP: 67/78 MP: 15/15
  9318 | D:9      | Gained mutation: Your spells are a little harder to cast, but a little more powerful. [mutagenic meat]
  9335 | D:10     | Entered Level 10 of the Dungeon
  9335 | D:10     | Found a staircase to the Lair.
  9407 | D:9      | Reached skill level 13 in Axes
  9916 | D:9      | Acquired Okawaru's second power
 10237 | D:10     | Noticed a hill giant
 10245 | D:10     | Killed a hill giant
 10245 | D:10     | Reached skill level 14 in Axes
 10760 | D:10     | Gained mutation: Scrolls take you a little longer to read. [mutagenic meat]
 10761 | D:10     | Gained mutation: Your mind is acute. (Int +2) [mutagenic meat]
 11215 | D:11     | Found Yvug's Magic Scroll Boutique.
 11241 | D:11     | Bought a scroll of fear for 49 gold pieces
 11241 | D:11     | Bought a scroll of identify for 28 gold pieces
 11241 | D:11     | Bought a scroll of identify for 28 gold pieces
 11385 | D:11     | Noticed a hill giant
 11393 | D:11     | Killed a hill giant
 11393 | D:11     | Reached XP level 12. HP: 51/84 MP: 16/16
 12012 | D:11     | Received a gift from Okawaru
 12012 | D:11     | Reached skill level 15 in Axes
 12054 | D:12     | Noticed a five-headed hydra
 12159 | D:12     | Noticed Josephine
 12201 | D:12     | HP: 4/84 [Josephine/ghostly fireball (21)]
 12202 | D:12     | Killed Josephine
 12204 | D:12     | Slain by a centaur skeleton

Action                   |  1- 3 |  4- 6 |  7- 9 | 10-12 || total
-------------------------+-------+-------+-------+-------++-------
Melee: War axe           |   119 |   187 |   407 |   391 ||  1104
       Broad axe         |       |       |       |   368 ||   368
 Abil: Dig               |       |     4 |     3 |     4 ||    11
Evoke: Deck              |       |       |       |     7 ||     7
  Use: Scroll            |     3 |     2 |     2 |     4 ||    11
       Potion            |       |     5 |    10 |     4 ||    19
  Eat: Chunk             |       |     6 |    14 |    22 ||    42
       Bread ration      |       |       |       |     1 ||     1
